 Dungeon Crawl Stone Soup version 0.29.0-4-gdea44cf6ec (webtiles) character file.

Game seed: 17067735121083610421

365 qw the Chopper (level 6, -12/36 HPs)
             Began as a Tengu Warper on Aug 28, 2022.
             Killed by divine providence
             ... invoked by an orc priest
              (15 damage)
             ... on level 5 of the Dungeon.
             The game lasted 00:00:27 (5269 turns).

qw the Chopper (Tengu Warper)                       Turns: 5269, Time: 00:00:27

Health: -12/36     AC: 10    Str: 13    XL:     6   Next: 68%
Magic:  10/10      EV: 11    Int: 14    God:
Gold:   1267       SH:  0    Dex: 13    Spells: 9/9 levels left

rFire   . . .      SeeInvis .   Y - +3 hand axe
rCold   . . .      Faith    .   (no shield)
rNeg    . . .      Spirit   .   l - +0 chain mail
rPois   .          Reflect  .   (helmet restricted)
rElec   .          Harm     .   (no cloak)
rCorr   .          Rampage  .   e - +1 pair of gloves
Will    .....                   (boots unavailable)
Stlth   ..........              (no amulet)
HPRegen 0.12/turn               a - +4 ring of evasion
MPRegen 0.12/turn               (no ring)

@: flying quickly and evasively, quick
A: beak, talons 3, nimble flight
a: no special abilities


You were on level 5 of the Dungeon.
You visited 2 branches of the dungeon, and saw 6 of its levels.

You collected 1267 gold pieces.


Innate Abilities, Weirdness & Mutations

You have a beak for a mouth.
You have claws for feet.
Your magical nature lets you fly swiftly and evasively.


   Skills:
 + Level 2.5 Fighting
 - Level 7.1 Axes
 - Level 1.0 Throwing
 - Level 2.0 Armour
 - Level 2.1 Dodging
 - Level 2.0 Spellcasting
 - Level 2.4 Translocations


You had 9 spell levels left.
You didn't know any spells.
Your spell library contained the following spells:

 Spells                   Type           Power      Damage    Failure   Level
 Blink                    Tloc           16%        N/A       99%         2
 Gell's Gravitas          Tloc           8%         N/A       100%        3
 Lesser Beckoning         Tloc           8%         N/A       100%        3
 Teleport Other           Tloc           8%         N/A       100%        3
 Manifold Assault         Tloc           8%         N/A       100%        5

Inventory:

Hand Weapons
 c - a +0 flail
 Y - a +3 hand axe (weapon)
Missiles
 d - 3 boomerangs
 m - 3 javelins (quivered)
Armour
 e - a +1 pair of gloves (worn)
 l - a +0 chain mail (worn)
Jewellery
 a - a +4 ring of evasion (left hand)
Scrolls
 b - a scroll of identify
 h - a scroll of amnesia {unknown}
Potions
 f - a potion of might
 g - a potion of haste {unknown}
 i - a potion of curing {unknown}
 n - a potion of degeneration {unknown}

Dungeon Overview and Level Annotations

Branches:
Dungeon (5/15)             Temple (1/1) D:4

Altars:
Cheibriados
Dithmenos
Elyvilon
Fedhas
Gozag
Hepliaklqana
Makhleb
Nemelex Xobeh
Qazlal
Ru
Trog
Uskayaw
Yredelemnul
The Shining One

Annotations:
D:2 1 runed translucent door, Crazy Yiuf


Message History

A gnoll comes into view. It is wielding a +0 spear.
You hit the orc. Your kick misses the orc. You peck the orc.
The orc is severely wounded.
The orc hits you but does no damage.
You hit the orc.
You kill the orc!
A gnoll comes into view. It is wielding a +0 club.
You closely miss the orc wizard.
The gnoll shouts!
Your kick misses the orc wizard.
The orc wizard hits you but does no damage.
The gnoll bouda barks out a call to the hunt!
The gnolls pick up the pace!
A gnoll comes into view. It is wielding a +0 whip.
You closely miss the orc wizard.
The gnoll shouts!
The orc wizard hits you but does no damage.
You closely miss the orc wizard.
You peck the orc wizard, but do no damage.
The orc priest calls down the wrath of Beogh upon you.
Beogh smites you!
The orc wizard hits you but does no damage.
You barely miss the orc wizard.
The orc wizard hits you but does no damage.
You slash the orc wizard! Your kick misses the orc wizard.
You peck the orc wizard, but do no damage.
The orc wizard is heavily wounded.
The orc wizard barely misses you.
You slash the orc wizard!
You kill the orc wizard!
The orc priest mumbles some strange prayers to Beogh against you.
Pain shoots through your body!
You hit the jelly.
Your hands burn!
You claw the jelly!
The jelly is severely wounded.
The jelly hits you but does no damage.
You hit the jelly.
You kill the jelly!
The orc priest calls down the wrath of Beogh upon you.
Beogh smites you!
You die...

.. .. #### .#
....g .#
[...go#####(#
...gg.o@..#.#
....ol###.#.#.#
########..s..s.#
.............###
#######..#####
###..#....#
#....#....#
#..##.#....# #.#
#.#....#


You could see a gnoll bouda, an iguana, 2 orc priests, 3 gnolls and an orc.

Vanquished Creatures
  A phantom (D:5)
  A jelly (D:5)
  2 iguanas (D:4)
  An orc wizard (D:5)
  8 gnolls
  5 adders
  2 dart slugs
  2 orcs (D:5)
  10 ball pythons
  7 endoplasms
  2 giant cockroaches (D:3)
  6 goblins
  8 hobgoblins
  7 jackals
  8 kobolds
  6 quokkas
  5 bats
  10 frilled lizards
  7 rats
98 creatures vanquished.

Notes
Turn   | Place    | Note
-------+----------+-------------------------------------------
     0 | D:1      | qw the Tengu Warper began the quest for the Orb.
     0 | D:1      | Reached XP level 1. HP: 12/12 MP: 4/4
     0 | D:1      | 0 ||| qw: Version: 0.1-a-89-g26bdef1
     0 | D:1      | 0 ||| qw: Game counter: 990
     0 | D:1      | 0 ||| qw: Always use a shield: true
     0 | D:1      | 0 ||| qw: God list: Okawaru
     0 | D:1      | 0 ||| qw: Allow faded altars: false
     0 | D:1      | 0 ||| qw: Do Orc after D:15 true
     0 | D:1      | 0 ||| qw: Do second Lair branch before Depths: true
     0 | D:1      | 0 ||| qw: Lair rune preference: random
     0 | D:1      | 0 ||| qw: Plans: Normal
     0 | D:1      | 0 ||| PLANNING D:1-11
   139 | D:1      | Reached XP level 2. HP: 17/17 MP: 6/6
   155 | D:1      | Reached skill level 3 in Axes
   172 | D:1      | Found a faded altar of an unknown god.
   516 | D:1      | Reached XP level 3. HP: 11/21 MP: 7/7
   840 | D:1      | 840 ||| Stepping ~*~*~tactically~*~*~ (hiding).
   851 | D:1      | Reached skill level 4 in Axes
  1027 | D:1      | 1027 ||| Stepping ~*~*~tactically~*~*~ (stealth).
  1029 | D:1      | 1029 ||| Stepping ~*~*~tactically~*~*~ (stealth).
  1031 | D:1      | 1031 ||| Stepping ~*~*~tactically~*~*~ (stealth).
  1067 | D:1      | 1067 ||| Stepping ~*~*~tactically~*~*~ (stealth).
  1068 | D:1      | 1068 ||| Stepping ~*~*~tactically~*~*~ (stealth).
  1092 | D:1      | 1092 ||| Stepping ~*~*~tactically~*~*~ (stealth).
  1119 | D:1      | 1119 ||| Stepping ~*~*~tactically~*~*~ (stealth).
  1363 | D:1      | 1363 ||| UPGRADING to +0 chain mail.
  1373 | D:1      | 1373 ||| DROPPING +0 leather armour.
  1374 | D:1      | 1374 ||| READING scroll labelled TICESO BISUHUCW.
  1375 | D:1      | 1375 ||| READING scroll labelled UDALIFR VOUG.
  1376 | D:1      | 1376 ||| READING scroll labelled APRELANEIT.
  1377 | D:1      | 1377 ||| READING scroll labelled UMEICH YZ SICS.
  1381 | D:1      | 1381 ||| READING scroll labelled VEUMIOM LOIRY.
  1381 | D:1      | Identified a scroll of acquirement
  1381 | D:1      | 1381 ||| ACQUIRING +4 ring of evasion
  1381 | D:1      | Acquired a +4 ring of evasion
  1383 | D:1      | 1383 ||| UPGRADING to +4 ring of evasion.
  1384 | D:1      | 1384 ||| READING 2 scrolls labelled SOAGYQE GOMNU.
  1385 | D:1      | 1385 ||| DROPPING scroll of blinking.
  1386 | D:1      | 1386 ||| DROPPING scroll of vulnerability.
  1643 | D:2      | Reached XP level 4. HP: 26/26 MP: 8/8
  1677 | D:2      | 1677 ||| Stepping ~*~*~tactically~*~*~ (stealth).
  1678 | D:2      | 1678 ||| Stepping ~*~*~tactically~*~*~ (stealth).
  1741 | D:2      | 1741 ||| Stepping ~*~*~tactically~*~*~ (hiding).
  1866 | D:2      | 1866 ||| Stepping ~*~*~tactically~*~*~ (stealth).
  2146 | D:2      | Found a runed translucent door.
  2147 | D:2      | Noticed Crazy Yiuf
  2227 | D:2      | 2227 ||| DROPPING +0 club.
  2295 | D:2      | Reached skill level 5 in Axes
  2463 | D:2      | 2463 ||| UPGRADING to +0 pair of gloves.
  2468 | D:2      | 2468 ||| DROPPING ring of magical power.
  2469 | D:2      | 2469 ||| READING scroll labelled QUEVUC CUPER.
  2470 | D:2      | 2470 ||| DRINKING 2 amethyst potions.
  2710 | D:3      | 2710 ||| DROPPING +0 whip.
  2734 | D:3      | 2734 ||| READING scroll of enchant armour.
  2734 | D:3      | 2734 ||| ENCHANTING +0 pair of gloves.
  2937 | D:3      | Gained mutation: Your magical nature lets you fly swiftly
                  | and evasively. [Tengu growth]
  2937 | D:3      | Reached XP level 5. HP: 30/30 MP: 9/9
  3060 | D:3      | 3060 ||| Stepping ~*~*~tactically~*~*~ (stealth).
  3411 | D:3      | 3411 ||| READING scroll of enchant weapon.
  3411 | D:3      | 3411 ||| ENCHANTING +1 hand axe.
  3523 | D:3      | 3523 ||| READING scroll labelled BEMMAA VYELIAN.
  3746 | D:3      | 3746 ||| READING 2 scrolls labelled WEGODY METREUMN.
  3747 | D:3      | 3747 ||| READING scroll labelled TYHUBIMIAB.
  3748 | D:3      | 3748 ||| DRINKING 2 clear potions.
  3749 | D:3      | 3749 ||| DROPPING scroll of immolation.
  3776 | D:4      | 3776 ||| READING scroll of acquirement.
  3776 | D:4      | 3776 ||| ACQUIRING 1072 gold pieces
  3776 | D:4      | Acquired 1072 gold pieces
  3812 | D:4      | Found a staircase to the Ecumenical Temple.
  3813 | D:4      | 3813 ||| PLANNING TEMPLE
  3819 | Temple   | Entered the Ecumenical Temple
  3905 | Temple   | 3905 ||| PLANNING D:1-11
  3932 | D:4      | 3932 ||| Stepping ~*~*~tactically~*~*~ (hiding).
  3940 | D:4      | 3940 ||| Stepping ~*~*~tactically~*~*~ (hiding).
  3950 | D:4      | HP: 6/30 [gnoll/+0 spear (5)]
  3951 | D:4      | 3951 ||| READING scroll of teleportation.
  3952 | D:4      | 3952 ||| DRINKING potion of heal wounds.
  4048 | D:4      | Reached skill level 6 in Axes
  4241 | D:4      | Reached XP level 6. HP: 20/35 MP: 10/10
  4448 | D:4      | 4448 ||| READING scroll of enchant weapon.
  4448 | D:4      | 4448 ||| ENCHANTING +2 hand axe.
  4971 | D:4      | 4971 ||| READING scroll labelled OGREQEBUGH.
  4972 | D:4      | 4972 ||| DRINKING 3 black potions.
  5076 | D:4      | 5076 ||| DROPPING 2 potions of berserk rage.
  5137 | D:5      | Entered Level 5 of the Dungeon
  5243 | D:5      | 5243 ||| Stepping ~*~*~tactically~*~*~ (stealth).
  5244 | D:5      | 5244 ||| Stepping ~*~*~tactically~*~*~ (stealth).
  5246 | D:5      | 5246 ||| Stepping ~*~*~tactically~*~*~ (stealth).
  5249 | D:5      | Reached skill level 7 in Axes
  5267 | D:5      | HP: 6/35 [orc priest/nerve-wracking pain (10)]
  5269 | D:5      | Killed from afar by an orc priest

Levels and vault maps discovered:
D:1:      evilmike_arrival_hilbert_curve, layout_basic,
          hellmonk_ecumenical_altar_zigzags, minmay_lizard_pond
D:2:      layout_loops_ring, uniq_crazy_yiuf_cottage
D:3:      minmay_door_path, layout_loops_cross, serial_aquarium,
          aquarium_bridge_straight [aquarium_subvault_bridge,
          aquarium_subvault_window, aquarium_subvault_bridge,
          aquarium_subvault_window], aquarium_bridge_square
          [aquarium_subvault_window, aquarium_subvault_wall,
          aquarium_subvault_bridge, aquarium_subvault_bridge],
          aquarium_window_corner, aquarium_window_1, aquarium_window_corner,
          aquarium_view_2a, aquarium_view_2g, aquarium_balcony_double_1
D:4:      layout_loops_corners, temple_green, serial_glass, glass_columns_a,
          glass_columns_c, glass_columns_a, kennysheep_generic_room_12
D:5:      layout_basic, zin_statuary
Temple:   nicolae_temple_superstar

Skill      XL: |  1  2  3  4  5  6 |
---------------+-------------------+-----
Axes           | 3 4 5 6 7 |  7.1
Armour         | 2 |  2.0
Fighting       | |  2.5
Throwing       | |  1.0
Dodging        | |  2.1
Spellcasting   | |  2.0
Translocations | |  2.4

Action                   |  1- 3 |  4- 6 || total
-------------------------+-------+-------++-------
Melee: Hand axe          |   100 |   150 ||   250
       Kick              |    19 |    28 ||    47
       Peck              |     7 |    26 ||    33
       Punch             |       |     1 ||     1
Throw: Boomerang         |     7 |       ||     7
       Javelin           |       |    24 ||    24
  Use: Scroll            |     6 |    10 ||    16
       Potion            |       |     4 ||     4
Armor: Leather armour    |    15 |       ||    15
       Chain mail        |     6 |    60 ||    66
Dodge: Dodged            |    48 |    76 ||   124

Table legend:
 A = Non-vault XP
 B = Vault XP
 C = Vault XP percentage of total XP
 D = Non-vault monster count
 E = Vault monster count
 F = Vault count percentage of total count
                 A         B        C        D         E       F
            +---------+---------+-------+---------+---------+-------
      Total |     551 |      14 |   2.5 |      87 |      11 |  11.2
            +---------+---------+-------+---------+---------+-------
        D:1 |      53 |       7 |  11.7 |      30 |       7 |  18.9
        D:2 |      56 |       0 |   0.0 |      20 |       0 |   0.0
        D:3 |      79 |       7 |   8.1 |      17 |       4 |  19.0
        D:4 |     137 |       0 |   0.0 |      12 |       0 |   0.0
        D:5 |     226 |       0 |   0.0 |       8 |       0 |   0.0
            +---------+---------+-------+---------+---------+-------
